 Dungeon Crawl Stone Soup version 0.30-a0-40-gc6d0f036a7 (console) character file.

Game seed: 4949223900091438708

236 petzl the Vexing (level 6, -10/34 (46) HPs)
             Began as a Formicid Arcane Marksman on Aug 29, 2022.
             Shot with an arrow by a centaur (11 damage)
             ... on level 14 of the Dungeon.
             The game lasted 00:22:56 (5094 turns).

petzl the Vexing (Formicid Arcane Marksman)         Turns: 5094, Time: 00:22:56

HP:   -10/34 (46)   AC:  3    Str: 15    XL:     6   Next: 27%
MP:   10/10         EV: 12    Int: 20    God:
Gold: 277           SH:  0    Dex: 14    Spells: 10/11 levels left

rFire   . . .      SeeInvis +    a - +1 sling
rCold   . . .      Faith    .    (no shield)
rNeg    . . .      Spirit   .    l - +1 robe "Qaoddiyts" {Will+}
rPois   .          Reflect  .    (helmet unavailable)
rElec   .          Harm     .    (no cloak)
rCorr   .          Rampage  .    (no gloves)
Will    +....                    (no boots)
Stlth   ++........               (no amulet)
HPRegen 0.11/turn                q - +6 ring of intelligence
MPRegen 0.12/turn                (no ring)

@: very heavily drained
A: permanent stasis, dig shafts and tunnels, antennae 3, four strong arms
a: Dig, Shaft Self


You were on level 14 of the Dungeon.
You visited 1 branch of the dungeon, and saw 13 of its levels.

You collected 277 gold pieces.

Inventory:

Hand Weapons
 a - a +1 sling (weapon)
 b - a +1 dagger of draining {!f =f}
 c - a +0 rapier
Missiles
 e - 7 poisoned darts (quivered)
Armour
 l - the +1 robe "Qaoddiyts" (worn) {Will+}
   (You found it on level 8 of the Dungeon)

   Will:      It increases your willpower.
Jewellery
 q - a +6 ring of intelligence (left hand)
Wands
 n - a wand of polymorph (21)
Scrolls
 f - 2 scrolls of silence
 g - 2 scrolls of poison
 h - a scroll of torment
 i - 2 scrolls of identify
 r - a scroll of enchant armour
 s - a scroll of enchant weapon
Potions
 d - a potion of brilliance {unknown}
 j - a potion of curing
 k - a potion of flight
 m - a potion of ambrosia {unknown}
 o - a potion of heal wounds {unknown}
 p - a potion of lignification
 t - a potion of mutation {unknown}


   Skills:
 + Level 2.4 Fighting
 + Level 2.9 Ranged Weapons
 + Level 1.9 Armour
 + Level 2.5 Dodging
 * Level 2.6 Stealth
 * Level 3.3 Spellcasting
 - Level 3.6 Hexes


You had 10 spell levels left.
You knew the following spells:

 Your Spells              Type           Power      Damage    Failure   Level
a - Slow                  Hex            68%        N/A       3%          1

Your spell library contained the following spells:

 Spells                   Type           Power      Damage    Failure   Level
 Confusing Touch          Hex            17%        N/A       10%         3
 Inner Flame              Hex/Fire       10%        N/A       21%         3
 Portal Projectile        Hex/Tloc       20%        N/A       21%         3
 Cause Fear               Hex            8%         N/A       30%         4
 Vampiric Draining        Necr           3%         2d6       38%         3


Dungeon Overview and Level Annotations

Branches:
Dungeon (15/15)
 Temple: D:4-7         Lair: D:8-11         Orc: D:9-12      Vaults: D:13-14
 Depths: D:15

Altars:
Qazlal
The Shining One

Annotations:
D:4 Ijyb, Pikel
D:8 exclusion: yak
D:14 exclusions: 2 downstairs, queen bee and upstairs, Jorgrun, Roxanne
D:15 exclusion: centaur warrior


Innate Abilities, Weirdness & Mutations

You cannot be hasted, slowed, berserked, paralysed or teleported.
You can dig through walls and to a lower floor.
You have a pair of large antennae on your head. (SInv)
Your four strong arms can wield two-handed weapons with a shield.


Message History

The poisoned dart barely misses the ogre.
Throw: dart (poison)
Press: ? - help, Q - select action, (/) - cycle Shift-Dir - straight line, f/p - ogre
Aim: an ogre, wielding a +0 giant spiked club (severely wounded, poisoned, slow, 74% to hit)
You throw a poisoned dart. The poisoned dart hits the ogre.
The ogre looks even sicker.
The ogre is severely wounded.
Unknown command.
You feel a bit more experienced.
You have reached level 6!
Things that are here:
a +0 giant spiked club; an ogre corpse
e - a poisoned dart
e - 2 poisoned darts (gained 1)
e - 3 poisoned darts (gained 1)
e - 5 poisoned darts (gained 2)
e - 6 poisoned darts (gained 1)
e - 7 poisoned darts (gained 1)
You start resting.
HP restored.
There is an open door here.
A queen bee comes into view.
Press: ? - help, . - travel You can't see that place. [the floor.] Placed new exclusion.
Unknown command.
A kobold and a centaur come into view.
The centaur shouts!
You hear a shout! x3
The centaur wields a +0 shortbow.
The centaur shoots an arrow.
The arrow closely misses you.
A centaur warrior comes into view.
The centaur warrior wields a +0 shortbow.
The centaur warrior shoots an arrow.
The arrow hits you!!
Ouch! That really hurt!
* * * LOW HITPOINT WARNING * * *
Unknown command.
Are you sure you want to shaft yourself?
The centaur shoots an arrow.
The arrow hits you!
* * * LOW HITPOINT WARNING * * *
The centaur shoots an arrow.
The arrow hits you!
You die...

#..# ##.## #..#### ##..... #####+###
...!... # .......## .......#.
.......#. .#..#.# W......#.
K##.#..#.## .......+. .........
.......## ####.#..#.##### ####+##
.............. ######...# ..........
#......### ###.#..#.### ##'#########
#......c.{c# ###...>......#
..##.#..#.##.{# #.'(.........# # {
{#.@#.# #.#..........# # { #..##c
##.#..........### { #..# ..
##..#..........#.' ......# .##
##..#######..##.....[....#.# ...?..#
..y..##..........####..........'.#
......# . ........#........#
#..........### .....(#..
.....####........# #..........# #
....... .... ##.####### #######'####
.... ### #..## #.#### ##.# ## ##..#
#....# ...# #. ##.##### ####.# ####
#####.### #.....# # ########
#.......###########'## { .......###
#.........##.........# ###
......>..####.......#.##.#######.#
#.... {
.......#....#.......#..#)#.....#.#...#
.......# #..........##.#.#.....#.+.#
......>###.8........##.'.#.....#.###
....................####.#.....#.#


You could see a centaur.

Vanquished Creatures
  An ogre (D:14)
  A hound (D:3)
  4 adders
  2 worms
  4 dart slugs (D:1)
  3 orcs
  8 bats
  6 endoplasms
  2 giant cockroaches (D:1)
  6 goblins
  4 hobgoblins
  6 jackals (D:1)
  A quokka (D:1)
  3 ball pythons (D:2)
  5 frilled lizards
  6 kobolds
  7 rats
69 creatures vanquished.

Notes
Turn   | Place    | Note
-------+----------+-------------------------------------------
     0 | D:1      | petzl the Formicid Arcane Marksman began the quest for the
                  | Orb.
     0 | D:1      | Reached XP level 1. HP: 15/15 MP: 2/2
   147 | D:1      | Reached XP level 2. HP: 21/21 MP: 4/4
   496 | D:1      | Reached skill level 1 in Stealth
   502 | D:1      | Reached XP level 3. HP: 13/26 MP: 5/5
   833 | D:1      | Found a faded altar of an unknown god.
  1486 | D:2      | Reached XP level 4. HP: 32/32 MP: 7/7
  1507 | D:2      | Reached skill level 1 in Armour
  2334 | D:3      | Reached XP level 5. HP: 38/38 MP: 7/9
  2372 | D:3      | Found a stormy altar of Qazlal.
  2700 | D:3      | Found a glowing golden altar of the Shining One.
  2946 | D:4      | Noticed Pikel
  2948 | D:4      | Noticed Ijyb
  2948 | D:4      | Noticed a lemure
  2950 | D:4      | Noticed a lemure
  2950 | D:4      | Noticed a lemure
  2954 | D:4      | Noticed a lemure
  2972 | D:3      | You fall into a shaft and drop 2 floors!
  2972 | D:5      | Entered Level 5 of the Dungeon
  3190 | D:5      | Noticed an orc warrior
  3316 | D:5      | You fall into a shaft and drop 3 floors!
  3433 | D:9      | Noticed a centaur
  3433 | D:9      | Noticed a two-headed ogre
  3473 | D:8      | Noticed a yak
  3543 | D:8      | Identified the +1 robe "Qaoddiyts" {Will+}
  3617 | D:7      | Noticed a sky beast
  3620 | D:7      | You fall into a shaft and drop 3 floors!
  3620 | D:10     | Entered Level 10 of the Dungeon
  3723 | D:10     | Noticed a two-headed ogre
  3734 | D:10     | Noticed a troll
  3741 | D:10     | You fall into a shaft and drop 2 floors!
  3788 | D:12     | Noticed a wraith
  3984 | D:13     | Noticed a catoblepas
  3984 | D:13     | Noticed an efreet
  4005 | D:12     | Noticed an unseen horror
  4005 | D:12     | Noticed a komodo dragon
  4007 | D:12     | Noticed a cyclops
  4009 | D:12     | You fall into a shaft and drop 2 floors!
  4226 | D:13     | Noticed a seven-headed hydra
  4267 | D:15     | Entered Level 15 of the Dungeon
  4289 | D:15     | Noticed an eight-headed hydra
  4430 | D:14     | Noticed a wraith
  4446 | D:14     | Noticed a wizard
  4460 | D:14     | You fall into a shaft and drop 1 floor!
  4657 | D:15     | Noticed a centaur warrior
  4744 | D:15     | Noticed a vampire mosquito
  4752 | D:14     | Identified Roxanne's Reference Book on Transmigration
  4752 | D:14     | Noticed Roxanne
  4764 | D:14     | Noticed Jorgrun
  4871 | D:14     | Noticed an ogre
  4940 | D:14     | Killed an ogre
  4941 | D:14     | Reached XP level 6. HP: 19/34 MP: 10/10
  5084 | D:14     | Noticed a queen bee
  5091 | D:14     | Noticed a centaur warrior
  5094 | D:14     | HP: 1/34 [centaur/arrow (9)]
  5094 | D:14     | Shot with an arrow by a centaur

Illustrated notes

Levels and vault maps discovered:
D:1:      sevenhm_arrival_forest_fort_small_3, layout_basic,
          hellmonk_ecumenical_altar_run_dry, serial_curves, eino_curves_03,
          eino_curves_02, minivault_24, chequers_decorated_corner
D:2:      layout_basic
D:3:      layout_loops_ring, amcnicky_altar_gilded,
          mainiacjoe_overflow_concentric_impassable
D:4:      layout_basic, mainiacjoe_overflow_boulevard, temple_pool_b,
          nicolae_shop_fire_sale [nicolae_sub_dead_trees], uniq_ijyb,
          uniq_blork_the_orc, uniq_pikel
D:5:      layout_rooms, slow_altar_2, kennysheep_cluttered_room
D:7:      layout_basic, kennysheep_ying_yang
D:8:      layout_basic
D:9:      layout_basic, mainiacjoe_overflow_surrounded_room,
          grunt_dithmenos_smoke_and_mirrors
D:10:     layout_gridville, mainiacjoe_overflow_swirl,
          grunt_temple_overflow_open, erik_lair_island,
          nicolae_shop_unique_rings
D:12:     layout_long_grid, minmay_orc_entry_temple_large
D:13:     layout_irregular_city
D:14:     layout_roguey, hangedman_vaults_entry_quadrant_bands, serial_shops,
          nicolae_shop_statue_plus, nicolae_take_the_stairs, uniq_jorgrun,
          uniq_kirke, uniq_roxanne
D:15:     grunt_enter_depths_giant_problem, layout_long_grid,
          nicolae_two_hexagons

Skill      XL: |  1  2  3  4  5 |
---------------+----------------+-----
Stealth        | 1 2 |  2.6
Spellcasting   | 2 3 |  3.3
Dodging        | 2 |  2.5
Armour         | 1 |  1.9
Fighting       | 2 |  2.4
Ranged Weapons | |  2.9
Hexes          | |  3.6

Action                   |  1- 3 |  4- 6 || total
-------------------------+-------+-------++-------
Melee: Dagger            |     8 |    40 ||    48
 Fire: Sling             |   127 |    95 ||   222
Throw: Dart              |       |     7 ||     7
 Cast: Slow              |     8 |    27 ||    35
 Abil: Shaft Self        |       |     7 ||     7
       Dig               |       |     4 ||     4
  Use: Scroll            |       |     6 ||     6
       Potion            |       |     2 ||     2
Armor: Robe              |    13 |    15 ||    28
Dodge: Dodged            |    64 |    52 ||   116

Table legend: (Time is in decaauts)
 A = Elapsed time spent in this place.
 B = Non-inter-level travel time spent in this place.
 C = Inter-level travel time spent in this place.
 D = Time resting spent in this place.
 E = Time spent auto-exploring this place.
 F = Levels seen in this place.
 G = Mean time per level.
                   A        B        C        D        E       F      G
               +--------+--------+--------+--------+--------+-----+--------+
         Total |   5148 |   5027 |    121 |   1455 |   1732 |  13 |  396.0 |
       Dungeon |   5148 |   5027 |    121 |   1455 |   1732 |  13 |  396.0 |
               +--------+--------+--------+--------+--------+-----+--------+

Top non-repeatable levels by time:
     D:1: 1475 daAuts
     D:3: 936 daAuts
    D:14: 765 daAuts
     D:2: 603 daAuts
     D:5: 344 daAuts
    D:15: 317 daAuts
     D:8: 212 daAuts
    D:13: 191 daAuts
    D:10: 120 daAuts
    D:12: 77 daAuts
     D:7: 67 daAuts
     D:9: 22 daAuts
     D:4: 13 daAuts
